 Dungeon Crawl Stone Soup version 0.32-a0-35-gd9ff480968 (webtiles) character file.

Game seed: 3840325902273161989

478 jlumianski the Ruffian (level 7, -3/52 HPs)
             Began as a Gnoll Shapeshifter on Jan 23, 2024.
             Slain by an iguana (10 damage)
             ... on level 3 of the Dungeon.
             The game lasted 00:16:35 (3432 turns).

jlumianski the Ruffian (Gnoll Shapeshifter)         Turns: 3432, Time: 00:16:36

Health: -3/52      AC:  6    Str: 16    XL:     7   Next: 11%
Magic:  10/10      EV: 11    Int:  9    God:
Gold:   250        SH:  0    Dex: 11    Spells: 10/10 levels left

rFire   . .          .
                       - Unarmed
rCold   . . .        (no shield)
rNeg    . . .        n - +0 scale mail
rPois   .            (helmet currently unavailable)
rElec   .            (cloak currently unavailable)
rCorr   .            (gloves currently unavailable)
SInv    .            (boots currently unavailable)
Will    .....        (no amulet)
Stlth   +            (no ring)
HPRegen 0.28/turn    (no ring)
MPRegen 0.12/turn

%: no passive effects
@: beast-form
A: beast (slay +3), fangs 1, strong nose, distributed training
a: Begin Untransformation


You were on level 3 of the Dungeon.
You were a hulking beast.
You visited 1 branch of the dungeon, and saw 5 of its levels.
You also visited: Sewer.

You collected 250 gold pieces.

Inventory:

Hand Weapons
 q - a +1 vampiric spear
Missiles
 h - 8 poisoned darts (quivered)
Armour
 a - a +0 animal skin
 n - a +0 scale mail (worn)
 r - a +0 pair of boots
Magical Staves
 v - a staff of air
Jewellery
 e - a ring of protection from cold
Talismans
 c - a beast talisman
 d - a flux talisman
Wands
 l - a wand of roots (14)
 o - a wand of acid (11)
Scrolls
 f - a scroll of summoning
 i - a scroll of silence
 j - 3 scrolls of enchant weapon
 k - 2 scrolls of fog
 s - a scroll of teleportation {unknown}
 t - a scroll of fear {unknown}
 u - a scroll of immolation {unknown}
Potions
 b - 2 potions of lignification
 g - 6 potions of curing
 m - a potion of berserk rage
 w - a potion of magic


   Skills:
 + Level 3.5 Fighting
 + Level 2.3 Short Blades
 + Level 2.3 Long Blades
 + Level 2.3 Axes
 + Level 2.3 Maces & Flails
 + Level 2.3 Polearms
 + Level 2.3 Staves
 + Level 2.3 Ranged Weapons
 + Level 2.3 Throwing
 + Level 2.3 Armour
 + Level 5.2 Dodging
 + Level 2.3 Stealth
 + Level 2.3 Shields
 + Level 7.0 Unarmed Combat
 + Level 2.3 Spellcasting
 + Level 1.9 Conjurations
 + Level 1.9 Hexes
 + Level 1.9 Summonings
 + Level 1.9 Necromancy
 + Level 1.9 Translocations
 + Level 1.9 Fire Magic
 + Level 1.9 Ice Magic
 + Level 1.9 Air Magic
 + Level 1.9 Earth Magic
 + Level 1.9 Alchemy
 + Level 2.6 Invocations
 + Level 2.3 Evocations
 + Level 6.9 Shapeshifting


You had 10 spell levels left.
You didn't know any spells.
Your spell library was empty.

Dungeon Overview and Level Annotations

Branches:
Dungeon (5/15)              Sewer (visited)
 Temple: D:4-7

Altars:

Shops:
D:1 (


Innate Abilities, Weirdness & Mutations

You are a hulking beast.
Your limbs bulge with bestial killing power. (Slay +3)
You have very sharp teeth.
Your uncanny sense of smell can sniff out nearby items.
Your experience applies equally to all skills.


Message History

The scorpion stings you.
You are poisoned.
The scorpion poisons you!
You punch the scorpion! Your punch misses the scorpion.
The scorpion is almost dead.
You feel sick. The scorpion misses you. The iguana bites you.
* * * LOW HITPOINT WARNING * * *
The orc hits you with a +0 dagger.
* * * LOW HITPOINT WARNING * * *
You hit the scorpion.
You kill the scorpion!
* * * LOW HITPOINT WARNING * * *
You feel sick. The iguana misses you. The orc hits you but does no damage.
Your Unarmed Combat skill increases to level 7!
You have reached level 7!
You feel better.
The iguana bites you but does no damage.
The orc closely misses you.
You hit the orc. You bite the orc.
The orc is heavily wounded.
The iguana bites you.
* * * LOW HITPOINT WARNING * * *
The orc hits you but does no damage.
You hit the orc.
You kill the orc!
The iguana bites you.
* * * LOW HITPOINT WARNING * * *
You hit the iguana.
The iguana is moderately wounded.
The iguana bites you.
* * * LOW HITPOINT WARNING * * *
You barely miss the iguana.
The iguana is moderately wounded.
You hit the iguana.
The iguana is heavily wounded.
The iguana barely misses you.
You barely miss the iguana.
The iguana is heavily wounded.
The iguana bites you!
You die...

#.#...............#.# #.##
##.#.........#.#.....# #.#
#....................###'##
########.#.......#.#.#.#...'.....
...........................###'##
..............#..#.#.#.#...# #.#
..#........#..#............# #.##
.###......###.##)).#†#.....# #...
..#........#..##hl.........# ####
..##......##..#####.#......#
..#.#....#.#...# #.#......######
..#..#..#.)#...# #.#............
..#...##...#...# #.##'#####.###.
..#...##...#...# #.##.#####.# ##
..#..#..#†.#...## #..........#
..#.#....#.#....# #.........##
..#.#....#[#)...###.........#


You could see an iguana.

Vanquished Creatures
  2 scorpions (D:3)
  An orc priest (D:3)
  A hound (D:4)
  17 adders
  2 river rats (Sewer)
  5 dart slugs
  3 ribbon worms
  8 orcs (D:3)
  4 bats
  9 endoplasms
  3 giant cockroaches
  9 goblins
  4 hobgoblins
  2 jackals (D:3)
  6 quokkas
  12 ball pythons
  5 frilled lizards
  15 kobolds
  8 rats
116 creatures vanquished.

Notes
Turn   | Place    | Note
-------+----------+-------------------------------------------
     0 | D:1      | jlumianski the Gnoll Shapeshifter began the quest for the
                  | Orb.
     0 | D:1      | Reached XP level 1. HP: 17/17 MP: 1/1
    73 | D:1      | Found Gokaoss's Weapon Shop.
   185 | D:1      | Reached XP level 2. HP: 16/23 MP: 2/2
   295 | D:3      | Reached XP level 3. HP: 26/28 MP: 2/4
   429 | D:4      | Reached skill level 1 in Invocations
   470 | D:4      | Reached skill level 1 in Short Blades
   470 | D:4      | Reached skill level 1 in Long Blades
   470 | D:4      | Reached skill level 1 in Axes
   470 | D:4      | Reached skill level 1 in Maces & Flails
   470 | D:4      | Reached skill level 1 in Polearms
   470 | D:4      | Reached skill level 1 in Staves
   470 | D:4      | Reached skill level 1 in Ranged Weapons
   470 | D:4      | Reached skill level 1 in Throwing
   470 | D:4      | Reached skill level 1 in Armour
   470 | D:4      | Reached skill level 1 in Stealth
   470 | D:4      | Reached skill level 1 in Shields
   470 | D:4      | Reached skill level 1 in Spellcasting
   470 | D:4      | Reached skill level 1 in Evocations
   537 | D:4      | Found a glowing drain.
   546 | D:4      | Reached XP level 4. HP: 25/34 MP: 5/5
   553 | Sewer    | Entered a sewer
   771 | Sewer    | Reached skill level 1 in Conjurations
   771 | Sewer    | Reached skill level 1 in Hexes
   771 | Sewer    | Reached skill level 1 in Summonings
   771 | Sewer    | Reached skill level 1 in Necromancy
   771 | Sewer    | Reached skill level 1 in Translocations
   771 | Sewer    | Reached skill level 1 in Fire Magic
   771 | Sewer    | Reached skill level 1 in Ice Magic
   771 | Sewer    | Reached skill level 1 in Air Magic
   771 | Sewer    | Reached skill level 1 in Earth Magic
   771 | Sewer    | Reached skill level 1 in Alchemy
  1015 | D:4      | Reached XP level 5. HP: 31/41 MP: 7/7
  1088 | D:5      | Entered Level 5 of the Dungeon
  2209 | D:2      | Reached XP level 6. HP: 47/47 MP: 8/8
  2450 | D:2      | Reached skill level 5 in Dodging
  3426 | D:3      | Reached skill level 7 in Unarmed Combat
  3426 | D:3      | Reached XP level 7. HP: 4/52 MP: 10/10
  3432 | D:3      | Slain by an iguana

Illustrated notes

Levels and vault maps discovered:
D:1:      dpeg_arrival_three_bigger_balls, layout_loops_ring, serial_bayou,
          serial_bayou_shore_a, serial_bayou_shore_b, serial_bayou_shore_b,
          serial_bayou_lagoon_a, serial_shops, shop,
          kennysheep_decorative_pillar, serial_park_tiny_1
D:2:      layout_basic, serial_shops, shop, kennysheep_generic_room_7
D:3:      layout_basic, minmay_door_square, st_stairs_2, nicolae_half_adder
D:4:      layout_basic, gammafunk_temple_overflow_wave,
          nicolae_uskayaw_en_pointe, gup_sewer_entry_bubbles,
          minmay_misc_feat_four_crosses, minmay_misc_feat_tiny
D:5:      layout_loops_cross, hangedman_abyss_or_decor_passed

Skill      XL: |  1  2  3  4  5  6 |
---------------+-------------------+-----
Invocations    | 1 2 |  2.6
Short Blades   | 1 2 |  2.3
Long Blades    | 1 2 |  2.3
Axes           | 1 2 |  2.3
Maces & Flails | 1 2 |  2.3
Polearms       | 1 2 |  2.3
Staves         | 1 2 |  2.3
Ranged Weapons | 1 2 |  2.3
Throwing       | 1 2 |  2.3
Armour         | 1 2 |  2.3
Stealth        | 1 2 |  2.3
Shields        | 1 2 |  2.3
Spellcasting   | 1 2 |  2.3
Evocations     | 1 2 |  2.3
Conjurations   | 1 |  1.9
Hexes          | 1 |  1.9
Summonings     | 1 |  1.9
Necromancy     | 1 |  1.9
Translocations | 1 |  1.9
Fire Magic     | 1 |  1.9
Ice Magic      | 1 |  1.9
Air Magic      | 1 |  1.9
Earth Magic    | 1 |  1.9
Alchemy        | 1 |  1.9
Fighting       | 3 |  3.5
Dodging        | 5 |  5.2
Unarmed Combat | 7 |  7.0
Shapeshifting  | |  6.9

Action                     |  1- 3 |  4- 6 |  7- 9 || total
---------------------------+-------+-------+-------++-------
  Melee: Unarmed           |    57 |   216 |     6 ||   279
         Bite              |     6 |    17 |     1 ||    24
         Punch             |     3 |     7 |       ||    10
    Use: Potion            |       |     3 |     1 ||     4
         Scroll            |       |     5 |       ||     5
 Armour: Animal skin       |    30 |    31 |       ||    61
         Scale mail        |       |    87 |     6 ||    93
  Dodge: Dodged            |    29 |   105 |     2 ||   136

Table legend: (Time is in decaauts)
 A = Elapsed time spent in this place.
 B = Non-inter-level travel time spent in this place.
 C = Inter-level travel time spent in this place.
 D = Time resting spent in this place.
 E = Time spent auto-exploring this place.
 F = Levels seen in this place.
 G = Mean time per level.
                   A        B        C        D        E       F      G
               +--------+--------+--------+--------+--------+-----+--------+
         Total |   3534 |   3529 |      5 |    185 |   1511 |   6 |  589.0 |
       Dungeon |   3112 |   3107 |      5 |    160 |   1457 |   5 |  622.4 |
         Sewer |    422 |    422 |      0 |     25 |     53 |   1 |  422.0 |
               +--------+--------+--------+--------+--------+-----+--------+

Top non-repeatable levels by time:
     D:3: 1146 daAuts
     D:1: 931 daAuts
     D:2: 541 daAuts
   Sewer: 422 daAuts
     D:4: 397 daAuts
     D:5: 95 daAuts
